[Event "Stay Safe Play From Home 324"]
[Site "Emanuel Lasker Arena"]
[Date "2020.07.22"]
[Round "6"]
[White "Dukic"]
[Black "SelamiSahin"]
[Result "0-1"]
[WhiteElo "1855"]
[BlackElo "1898"]
[Annotator "NA RC"]
[PlyCount "62"]
[EventDate "2020.07.22"]
[EventType "swiss (blitz)"]
[TimeControl "300"]

1. c4 b6 2. Nc3 Bb7 3. d4 c5 4. d5 d6 5. e4 Nd7 6. f4 g6 7. Nf3 Bg7 8. Qc2 h5 9. Be2 Nh6 10. O-O O-O 11. b3 e6 12. Bb2 Qe7 13. Rae1 e5 14. f5 Bf6 15. h3 Kg7 16. Bc1 a6 17. Bd3 Rh8 18. Qf2 g5 19. Nxg5 Bxg5 20. Qg3 Ng4 21. hxg4 Bxc1 22. Rxc1 Qg5 23. Be2 Nf6 24. Rce1 hxg4 25. Nd1 Rh4 26. Bd3 Rah8 27. Kf2 Nh5 28. Qe3 Nf4 29. Rg1 Rh2 30. Bf1 R8h3 31. Qd2 Rf3# {[%emt 0:00:01] (Lag: Av=0.48s, max=0.9s)} 0-1